 Dungeon Sprint DCSS version 0.22-a0-412-g2b68d144a4 (webtiles) character file.

21809 Hephaistos the Impaler (level 12, -13/121 HPs)
             Began as a Centaur Berserker on May 12, 2018.
             Was the Champion of Trog.
             Hit by a large rock thrown by a stone giant (52 damage)
             ... in the Dungeon (Sprint IX: "|||||||||||||||||||||||||||||").
             The game lasted 00:05:14 (2495 turns).

Hephaistos the Impaler (Centaur Berserker)          Turns: 2495, Time: 00:05:15

Health: -13/121    AC: 20    Str: 19    XL:     12   Next: 57%
Magic:  22/22      EV:  6    Int: 11    God:    Trog [******]
Gold:   1052       SH:  0    Dex: 17    Spells: 11/11 levels left

rFire    + . .     SeeInvis .   E - +11 shortbow of Xeulomp {venom, +Blink rPois MR+ Dex+2}
rCold    . . .     Gourm    .   (shield currently unavailable)
rNeg     . . .     Faith    .   J - +2 plate armour
rPois    +         Spirit   .   y - +3 hat of Pondering {ponderous, MR+ MP+10 Int+5}
rElec    .         Reflect  .   o - +0 cloak
rCorr    .         Harm     .   I - +1 pair of gloves
MR       ++...     NoTele   +   (no barding)
Stlth    ..........             (no amulet)
HPRegen  0.30/turn              H - ring of poison resistance
MPRegen  0.18/turn              F - ring of protection from fire

@: quick
A: large, hooves 3, deformed body, speed 2, tough skin 3
a: Berserk, Trog's Hand, Brothers in Arms, Renounce Religion, Evoke Blink


You were in the Dungeon.
You worshipped Trog.
Trog was exalted by your worship.
You were not hungry.

You visited 1 branch You collected 1918 gold pieces.
You spent 866 gold pieces at shops.

Inventory:

Hand Weapons
 a - a +0 spear
 n - a +2 halberd of protection
 s - a +0 shortbow
 u - a +1 antimagic glaive
 x - a +1 bardiche of flaming
 B - a +3 vampiric glaive
 C - a +2 longbow of freezing
 D - a +4 antimagic spear
 E - the +11 shortbow of Xeulomp (weapon) {venom, +Blink rPois MR+ Dex+2}
   (You bought it in a shop in the Dungeon)

   It poisons the ammo it fires.
   It affects your dexterity (+2).
   It protects you from poison.
   It affects your resistance to hostile enchantments.
   It lets you blink.
 M - a +1 longbow of flaming
 N - a +1 halberd of protection
Missiles
 t - 167 arrows (quivered)
Armour
 b - a +0 animal skin
 o - a +0 cloak (worn)
 p - a +0 plate armour
 y - the +3 hat of Pondering (worn) {ponderous, MR+ MP+10 Int+5}
   (You took it off Gastronok in the Dungeon)

   It affects your intelligence (+5).
   It affects your resistance to hostile enchantments.
   It affects your magic capacity (+10).
 I - a +1 pair of gloves (worn)
 J - a +2 plate armour (worn)
Jewellery
 q - a +2 ring of evasion
 r - a +3 ring of intelligence
 F - a ring of protection from fire (right hand)
 G - an uncursed ring of ice
 H - a ring of poison resistance (left hand)
Wands
 m - a wand of acid (10)
Scrolls
 i - 3 scrolls of blinking
 j - 2 scrolls of fog
 l - 5 scrolls of remove curse
 v - 2 scrolls of enchant weapon
 w - 2 scrolls of identify
 L - 3 scrolls of fear
Potions
 d - 6 potions of curing
 e - 9 potions of heal wounds
 f - a potion of haste
 g - 4 potions of magic
 h - 3 potions of berserk rage
 k - a potion of invisibility
 A - 2 potions of resistance
 K - 2 potions of agility
Comestibles
 c - 11 rations


   Skills:
 + Level 15.3 Fighting
 + Level 19.8 Polearms
 * Level 16.7 Bows
 + Level 9.0 Armour
 + Level 3.8 Dodging


You had 11 spell levels left.
You didn't know any spells.
Your spell library was empty.

Dungeon Overview and Level Annotations

Branches:
Dungeon (1/1)

Altars:
Cheibriados
Dithmenos
Elyvilon
Fedhas
Gozag
Hepliaklqana
Kikubaaqudgha
Makhleb
Nemelex Xobeh
Okawaru
Qazlal
Ru
Sif Muna
Trog
Uskayaw
Vehumet
Wu Jian
Xom
Yredelemnul
Zin
The Shining One
Beogh
Jiyva
Lugonu

Shops:
D }(((


Innate Abilities, Weirdness & Mutations

You have hooves in place of feet.
Armour fits poorly on your strangely shaped body.
You cover ground very quickly.
You have extremely tough skin. (AC +3)


Message History

There is an open door to the Dungeon here.
t - 167 arrows (gained 1)
t - 168 arrows (gained 1)
Things that are here:
a shortbow; a centaur corpse You see here +0 swamp dragon scales.
You see here a +3 scale mail.
You see here a +0 naga barding.
You see here a +2 leather armour of cold resistance.
You see here +1 fire dragon scales.
You start resting.
You are too injured to fight recklessly!
Firing (i - inventory)
t - 168 arrows (quivered)
Press: ? - help, Shift-Dir - straight line, f/p - stone giant
Aim: a stone giant (heavily wounded, poisoned)
You shoot an arrow. The arrow hits the stone giant!
The stone giant looks as sick as possible!
The stone giant is heavily wounded.
The stone giant throws a large rock.
The large rock hits you!!!
You die...

▓▓▓▓▓▓▓▓▓▓▓▓▓▓▓▓▓▓▓▓▓▓▓▓▓▓▓▓▓▓▓▓▓
'(=..))))))))).[@.[[[[)C.......C.
▓▓▓▓▓▓▓▓▓▓▓▓▓▓▓▓▓▓▓▓▓▓▓▓▓▓▓▓▓▓▓▓▓
.................................
▓▓▓▓▓▓▓▓▓▓▓▓▓▓▓▓▓▓▓▓▓▓▓▓▓▓▓▓▓▓▓▓▓
....))()).....)...))...........))
▓▓▓▓▓▓▓▓▓▓▓▓▓▓▓▓▓▓▓▓▓▓▓▓▓▓▓▓▓▓▓▓▓
.................................
▓▓▓▓▓▓▓▓▓▓▓▓▓▓▓▓▓▓▓▓▓▓▓▓▓▓▓▓▓▓▓▓▓
.....([...÷.÷.........÷.........†


You could see a stone giant.

Vanquished Creatures
  Gastronok (D)
  A stone giant (D)
  A rakshasa (D)
  7 death yaks (D)
  3 two-headed ogres (D)
  2 ogre magi (D)
  A vampire mage (D)
  2 orc high priests (D)
  2 orc knights (D)
  4 ugly things (D)
  A black mamba (D)
  Joseph (D)
  An elephant (D)
  Psyche (D)
  A komodo dragon (D)
  A yaktaur (D)
  A polar bear (D)
  2 trolls (D)
  2 yaks (D)
  A hungry ghost (D)
  2 porcupines (D)
  10 orc warriors (D)
  11 ogres (D)
  A necrophage (D)
  3 centaurs (D)
  2 crocodiles (D)
  A bullfrog (D)
  A wight (D)
  3 orc priests (D)
  2 jellies (D)
  A hound (D)
  An orc wizard (D)
  2 worker ants (D)
  A shadow imp (D)
  An ooze (D)
  2 dart slugs (D)
  A leopard gecko (D)
  5 orcs (D)
  A hobgoblin (D)
  A quokka (D)
88 creatures vanquished.

Vanquished Creatures (collateral kills)
  A hydra (D)
  An orc high priest (D)
  A rime drake (D)
  A komodo dragon (D)
  A hippogriff (D)
  2 yaks (D)
  A porcupine (D)
  3 orc warriors (D)
  2 crocodiles (D)
13 creatures vanquished.

Grand Total: 101 creatures vanquished

Notes
Turn   | Place    | Note
-------+----------+-------------------------------------------
     0 | D        | Hephaistos the Centaur Berserker began the quest for the Orb.
     0 | D        | Reached XP level 1. HP: 19/19 MP: 1/1
     5 | D        | Reached skill level 3 in Polearms
     9 | D        | Reached skill level 4 in Polearms
    11 | D        | Reached ** piety under Trog
    14 | D        | Reached XP level 2. HP: 16/26 MP: 2/2
    16 | D        | Reached skill level 5 in Polearms
   290 | D        | Noticed an ogre
   290 | D        | Noticed an ogre
   296 | D        | Reached *** piety under Trog
   302 | D        | Killed an ogre
   302 | D        | Reached skill level 7 in Polearms
   302 | D        | Reached XP level 3. HP: 30/35 MP: 3/3
   302 | D        | Reached XP level 4. HP: 36/41 MP: 4/4
   304 | D        | Killed an ogre
   304 | D        | Reached skill level 5 in Fighting
   304 | D        | Reached skill level 9 in Polearms
   304 | D        | Reached XP level 5. HP: 44/50 MP: 5/5
   427 | D        | Found a roughly hewn altar of Beogh.
   427 | D        | Found a snail-covered altar of Cheibriados.
   427 | D        | Found a shadowy altar of Dithmenos.
   427 | D        | Found a white marble altar of Elyvilon.
   427 | D        | Found a blossoming altar of Fedhas.
   427 | D        | Found an opulent altar of Gozag.
   428 | D        | Found a hazy altar of Hepliaklqana.
   429 | D        | Found a viscous altar of Jiyva.
   430 | D        | Found an ancient bone altar of Kikubaaqudgha.
   431 | D        | Found a corrupted altar of Lugonu.
   432 | D        | Found a burning altar of Makhleb.
   433 | D        | Found a sparkling altar of Nemelex Xobeh.
   434 | D        | Found an iron altar of Okawaru.
   435 | D        | Found a stormy altar of Qazlal.
   436 | D        | Found a sacrificial altar of Ru.
   437 | D        | Found a deep blue altar of Sif Muna.
   438 | D        | Found a bloodstained altar of Trog.
   439 | D        | Found a hide-covered altar of Uskayaw.
   440 | D        | Found a radiant altar of Vehumet.
   441 | D        | Found an ornate altar of the Wu Jian Council.
   442 | D        | Found a shimmering altar of Xom.
   443 | D        | Found a basalt altar of Yredelemnul.
   444 | D        | Found a glowing silver altar of Zin.
   445 | D        | Found a glowing golden altar of the Shining One.
   490 | D        | Noticed a centaur
   490 | D        | Noticed a centaur
   494 | D        | Killed a centaur
   494 | D        | Reached **** piety under Trog
   494 | D        | Reached skill level 10 in Polearms
   494 | D        | Reached XP level 6. HP: 58/58 MP: 6/6
   499 | D        | Reached skill level 11 in Polearms
   505 | D        | Reached ***** piety under Trog
   552 | D        | Noticed a red ugly thing
   552 | D        | Noticed a troll
   552 | D        | Noticed a purple ugly thing
   552 | D        | Noticed an orc warrior
   559 | D        | Killed a red ugly thing
   559 | D        | Reached skill level 12 in Polearms
   559 | D        | Reached XP level 7. HP: 69/69 MP: 7/7
   562 | D        | Killed a troll
   562 | D        | Reached skill level 5 in Bows
   562 | D        | Reached XP level 8. HP: 78/78 MP: 8/8
   566 | D        | Killed a purple ugly thing
   566 | D        | Received a gift from Trog
   566 | D        | Reached skill level 13 in Polearms
   853 | D        | Noticed a komodo dragon
   853 | D        | Noticed a five-headed hydra
   855 | D        | Reached skill level 10 in Fighting
   859 | D        | Noticed a hippogriff
   860 | D        | Killed a komodo dragon
   868 | D        | Killed a six-headed hydra
   868 | D        | Reached skill level 14 in Polearms
   868 | D        | Reached XP level 9. HP: 18/86 MP: 3/9
   871 | D        | Received a gift from Trog
   873 | D        | Received a gift from Trog
   903 | D        | Noticed a polar bear
   924 | D        | Killed a polar bear
  1190 | D        | Noticed a black mamba
  1190 | D        | Noticed an elephant
  1190 | D        | Noticed a death yak
  1194 | D        | Killed a black mamba
  1194 | D        | Received a gift from Trog
  1194 | D        | Reached skill level 10 in Bows
  1194 | D        | Reached skill level 5 in Armour
  1200 | D        | Killed an elephant
  1200 | D        | Reached skill level 15 in Polearms
  1204 | D        | Killed a death yak
  1204 | D        | Reached ****** piety under Trog
  1204 | D        | Received a gift from Trog
  1204 | D        | Reached XP level 10. HP: 96/96 MP: 3/10
  1221 | D        | Received a gift from Trog
  1326 | D        | Noticed a death yak
  1326 | D        | Noticed a death yak
  1326 | D        | Noticed a death yak
  1326 | D        | Noticed a death yak
  1326 | D        | Noticed a death yak
  1331 | D        | Noticed a death yak
  1333 | D        | Killed a death yak
  1333 | D        | Reached skill level 16 in Polearms
  1340 | D        | Killed a death yak
  1347 | D        | Killed a death yak
  1350 | D        | Killed a death yak
  1354 | D        | Killed a death yak
  1354 | D        | Reached XP level 11. HP: 105/105 MP: 3/11
  1357 | D        | Killed a death yak
  1357 | D        | Reached skill level 17 in Polearms
  1446 | D        | Noticed Gastronok
  1461 | D        | Killed Gastronok
  1461 | D        | Received a gift from Trog
  1472 | D        | Noticed Psyche
  1478 | D        | Killed Psyche
  1590 | D        | Noticed an orc high priest
  1591 | D        | Noticed a stone giant
  1594 | D        | Received a gift from Trog
  1598 | D        | Received a gift from Trog
  1602 | D        | Killed an orc high priest
  1607 | D        | Killed a stone giant
  1607 | D        | Received a gift from Trog
  1607 | D        | Reached skill level 18 in Polearms
  1616 | D        | Received a gift from Trog
  1669 | D        | Noticed an orc high priest
  1669 | D        | Noticed an orc knight
  1682 | D        | Killed an orc high priest
  1683 | D        | Noticed an orc knight
  1688 | D        | Killed an orc knight
  1688 | D        | Received a gift from Trog
  1699 | D        | Killed an orc knight
  1709 | D        | Noticed an orc high priest
  1715 | D        | Reached skill level 15 in Bows
  1716 | D        | Killed an orc high priest
  1716 | D        | Received a gift from Trog
  1962 | D        | Found Gaeruiga's Gadget Emporium.
  1962 | D        | Noticed an ogre mage
  1962 | D        | Noticed an ogre mage
  1965 | D        | Killed an ogre mage
  1965 | D        | Reached XP level 12. HP: 117/117 MP: 7/12
  1971 | D        | Killed an ogre mage
  1971 | D        | Reached skill level 19 in Polearms
  1977 | D        | Found Luomevyt's Weapon Shoppe.
  1978 | D        | Received a gift from Trog
  1984 | D        | Found Vitatol's Antique Weapon Emporium.
  1986 | D        | Found Hagaiqan's Antique Weapon Shoppe.
  2048 | D        | Noticed a two-headed ogre
  2049 | D        | Noticed a two-headed ogre
  2055 | D        | Killed a two-headed ogre
  2062 | D        | Killed a two-headed ogre
  2119 | D        | Bought the +11 shortbow of Xeulomp {venom, +Blink rPois MR+ Dex+2} for 866 gold pieces
  2140 | D        | Noticed Joseph
  2150 | D        | Killed Joseph
  2150 | D        | Received a gift from Trog
  2310 | D        | Noticed a two-headed ogre
  2347 | D        | Received a gift from Trog
  2352 | D        | Killed a two-headed ogre
  2398 | D        | Received a gift from Trog
  2433 | D        | Reached skill level 15 in Fighting
  2436 | D        | Noticed a rakshasa
  2453 | D        | Killed a rakshasa
  2462 | D        | Noticed a vampire mage
  2464 | D        | Noticed a stone giant
  2467 | D        | Noticed an ogre mage
  2467 | D        | Killed a vampire mage
  2495 | D        | Hit by a large rock thrown by a stone giant

Vault maps used:
D:        linesprint

Skill      XL: |  1  2  3  4  5  6  7  8  9 10 11 12 |
---------------+-------------------------------------+-----
Polearms       | 4 7 9 10 12 14 15 16 18 19 | 19.8
Fighting       | 4 5 6 8 9 10 11 12 14 15 | 15.3
Armour         | 2 3 4 5 7 8 9 |  9.0
Dodging        | 2 3 |  3.8
Bows           | 4 5 8 10 12 15 16 | 16.7

Action                   |  1- 3 |  4- 6 |  7- 9 | 10-12 || total
-------------------------+-------+-------+-------+-------++-------
Melee: Spear             |    20 |     5 |       |       ||    25
       Kick              |     2 |     4 |    11 |    55 ||    72
       Halberd           |       |    18 |    15 |    18 ||    51
       Glaive            |       |       |    23 |   152 ||   175
 Fire: Shortbow          |       |       |       |    77 ||    77
Invok: Berserk           |     2 |     2 |     3 |     5 ||    12
       Brothers in Arms  |       |       |     1 |     2 ||     3
  Eat: Chunk             |       |     1 |     5 |    10 ||    16
Armor: Plate armour      |       |     6 |     6 |    35 ||    47
Dodge: Dodged            |     3 |       |     6 |    21 ||    30

Table legend:
 A = Spawn XP
 B = Non-spawn XP
 C = Spawn XP percentage of total XP
 D = Spawn monster count
 E = Non-spawn monster count
 F = Spawn count percentage of total count
 G = Total turns spent on level
                    A         B        C        D         E        F      G
               +---------+---------+-------+---------+---------+-------+---------
         Total |       0 |   31157 |   0.0 |       0 |     101 |   0.0 |  2495
               +---------+---------+-------+---------+---------+-------+---------
             D |       0 |   31157 |   0.0 |       0 |     101 |   0.0 |  2495
               +---------+---------+-------+---------+---------+-------+---------
